 Dungeon Sprint DCSS version 0.26-a0-690-gcb57259078 (webtiles) character file.

Game seed: 7671850073126998661

333 mhtbhm the Spear-Bearer (level 6, -5/53 HPs)
             Began as a Merfolk Fighter on Oct 25, 2020.
             Was a Follower of Trog.
             Slain by a water moccasin (6 damage)
             ... in the Dungeon (Sprint IX: "|||||||||||||||||||||||||||||").
             The game lasted 00:02:09 (440 turns).

mhtbhm the Spear-Bearer (Merfolk Fighter)            Turns: 440, Time: 00:02:10

Health: -5/53      AC: 14    Str: 18    XL:     6   Next: 53%
Magic:  6/6        EV:  9    Int:  8    God:    Trog [*.....]
Gold:   0          SH: 11    Dex: 13    Spells: 5/5 levels left

rFire    . . .     SeeInvis .   a - +0 trident
rCold    . . .     Faith    .   c - +0 kite shield
rNeg     . . .     Spirit   .   b - +1 chain mail
rPois    .         Reflect  .   (no helmet)
rElec    .         Harm     .   (no cloak)
rCorr    .         Rampage  .   m - +0 pair of gloves
MR       .....     NoTele   +   (no boots)
Stlth    ..........             (no amulet)
HPRegen  0.17/turn              n - +2 ring of evasion
MPRegen  0.10/turn              o - +2 ring of protection

@: very slightly contaminated
A: change form in water, swift swim, stealthy swim
a: Berserk, Renounce Religion


You were in the Dungeon.
You worshipped Trog.
Trog was aware of your devotion.
You visited 1 branch

Inventory:

Hand Weapons
 a - a +0 trident (weapon)
Armour
 b - a +1 chain mail (worn)
 c - a +0 kite shield (worn)
 m - a +0 pair of gloves (worn)
Jewellery
 n - a +2 ring of evasion (left hand)
 o - a +2 ring of protection (right hand)
Wands
 l - a wand of iceblast (10)
Scrolls
 j - 2 scrolls of blinking
 k - 3 scrolls of remove curse
Potions
 d - a potion of might
 e - 3 potions of curing
 g - a potion of haste
 h - 4 potions of magic
 i - 2 potions of heal wounds


   Skills:
 + Level 6.9 Fighting
 + Level 9.2 Polearms
 + Level 5.3 Armour
 + Level 3.7 Dodging
 + Level 3.1 Stealth
 + Level 7.8 Shields


You had 5 spell levels left.
You didn't know any spells.
Your spell library was empty.

Dungeon Overview and Level Annotations

Branches:
Dungeon (1/1)

Altars:
Cheibriados
Dithmenos
Elyvilon
Fedhas
Gozag
Hepliaklqana
Kikubaaqudgha
Makhleb
Nemelex Xobeh
Okawaru
Qazlal
Ru
Sif Muna
Trog
Uskayaw
Vehumet
Wu Jian
Xom
Yredelemnul
Zin
The Shining One
Beogh
Jiyva
Lugonu


Message History

The water moccasin bites you but does no damage.
You barely miss the water moccasin.
The water moccasin is severely wounded.
The water moccasin bites you.
* * * LOW HITPOINT WARNING * * *
You barely miss the water moccasin.
The water moccasin is severely wounded.
You block the water moccasin's attack.
You miss the water moccasin.
The water moccasin is severely wounded.
You block the water moccasin's attack.
The water moccasin bites you but does no damage.
You miss the water moccasin.
The water moccasin is severely wounded.
The water moccasin bites you.
* * * LOW HITPOINT WARNING * * *
You hit the water moccasin but do no damage.
The water moccasin is severely wounded.
The water moccasin bites you.
You die... ▓▓▓▓▓▓▓▓▓▓▓▓▓▓▓▓▓▓▓▓▓▓▓▓ .....ZS@.[[..)?.'_______ ▓▓▓▓▓▓▓▓▓▓▓▓▓▓▓▓▓▓▓▓▓▓▓▓

You could see a water moccasin and an adder zombie.

Vanquished Creatures
  An orc warrior (D)
  A phantom (D)
  A scorpion (D)
  2 jellies (D)
  An iguana (D)
  An ufetubus (D)
  A leopard gecko (D)
  An orc (D)
  A goblin (D)
  A hobgoblin (D)
  2 bats (D)
  A kobold (D)
14 creatures vanquished.

Notes
Turn   | Place    | Note
-------+----------+-------------------------------------------
     0 | D        | mhtbhm the Merfolk Fighter began the quest for the Orb.
     0 | D        | Reached XP level 1. HP: 18/18 MP: 1/1
   145 | D        | Noticed a phantom
   145 | D        | Noticed a scorpion
   145 | D        | Noticed an iguana
   154 | D        | Reached XP level 2. HP: 18/25 MP: 2/2
   158 | D        | Reached skill level 4 in Polearms
   158 | D        | Reached skill level 1 in Dodging
   158 | D        | Reached XP level 3. HP: 23/31 MP: 3/3
   162 | D        | Killed a scorpion
   162 | D        | Reached skill level 5 in Fighting
   162 | D        | Reached skill level 5 in Polearms
   162 | D        | Reached skill level 5 in Shields
   162 | D        | Reached XP level 4. HP: 24/39 MP: 4/4
   202 | D        | Found a roughly hewn altar of Beogh.
   202 | D        | Found a snail-covered altar of Cheibriados.
   202 | D        | Found a shadowy altar of Dithmenos.
   202 | D        | Found a white marble altar of Elyvilon.
   202 | D        | Found a blossoming altar of Fedhas.
   202 | D        | Found an opulent altar of Gozag.
   203 | D        | Found a hazy altar of Hepliaklqana.
   204 | D        | Found a viscous altar of Jiyva.
   205 | D        | Found an ancient bone altar of Kikubaaqudgha.
   206 | D        | Found a corrupted altar of Lugonu.
   207 | D        | Found a burning altar of Makhleb.
   211 | D        | Found a sparkling altar of Nemelex Xobeh.
   212 | D        | Found an iron altar of Okawaru.
   213 | D        | Found a stormy altar of Qazlal.
   214 | D        | Found a sacrificial altar of Ru.
   215 | D        | Found a shimmering blue altar of Sif Muna.
   216 | D        | Found a bloodstained altar of Trog.
   217 | D        | Found a hide-covered altar of Uskayaw.
   218 | D        | Found a radiant altar of Vehumet.
   247 | D        | Found an ornate altar of the Wu Jian Council.
   248 | D        | Found a shimmering altar of Xom.
   249 | D        | Found a basalt altar of Yredelemnul.
   250 | D        | Found a glowing silver altar of Zin.
   251 | D        | Found a glowing golden altar of the Shining One.
   252 | D        | Became a worshipper of Trog the Wrathful
   275 | D        | Found the +5 demon whip "Spellbinder" {antimagic, MR+}
   328 | D        | Killed a phantom
   328 | D        | Reached skill level 6 in Polearms
   328 | D        | Reached XP level 5. HP: 38/46 MP: 5/5
   378 | D        | Noticed a water moccasin
   378 | D        | Noticed an orc warrior
   384 | D        | Reached skill level 7 in Polearms
   401 | D        | Killed an orc warrior
   401 | D        | Reached * piety under Trog
   401 | D        | Reached skill level 8 in Polearms
   401 | D        | Reached skill level 5 in Armour
   401 | D        | Reached XP level 6. HP: 21/53 MP: 6/6
   411 | D        | Reached skill level 9 in Polearms
   439 | D        | HP: 1/53 [water moccasin (3)]
   440 | D        | Slain by a water moccasin

Illustrated notes

Levels and vault maps discovered:
D:        linesprint [early_d, line_temple, items_1, d_10, items_2, lair_1,
          lair_end, items_3, orc_1, orc_end, items_4, d_15, swamp_1, shoals_1,
          snake_1, spider_1, d_20, vaults_1, items_5, swamp_end, shoals_end,
          snake_end, spider_end, vaults_end, d_27, items_6, zot_1, zot_end,
          crypt_end, forest_end, elf_end, slime_end, tomb_end, abyss_end,
          pan_hell_end]

Skill      XL: |  1  2  3  4  5  6 |
---------------+-------------------+-----
Fighting       | 4 5 6 |  6.9
Shields        | 4 5 6 7 |  7.8
Polearms       | 4 5 6 8 9 |  9.2
Armour         | 3 4 5 |  5.3
Dodging        | 1 2 3 |  3.7
Stealth        | 2 3 |  3.1

Action                   |  1- 3 |  4- 6 || total
-------------------------+-------+-------++-------
Melee: Trident           |    38 |   106 ||   144
  Use: Potion            |     1 |     4 ||     5
 Stab: Invisible         |       |    13 ||    13
Armor: Scale mail        |    21 |     6 ||    27
       Chain mail        |       |     8 ||     8
Dodge: Dodged            |     6 |    19 ||    25
Block: Kite shield       |    26 |    47 ||    73

Table legend: (Time is in decaauts)
 A = Elapsed time spent in this place.
 B = Non-inter-level travel time spent in this place.
 C = Inter-level travel time spent in this place.
 D = Time resting spent in this place.
 E = Time spent auto-exploring this place.
 F = Levels seen in this place.
 G = Mean time per level.
                   A        B        C        D        E       F      G
               +--------+--------+--------+--------+--------+-----+--------+
         Total |    457 |    457 |      0 |    137 |      0 |   1 |  457.0 |
       Dungeon |    457 |    457 |      0 |    137 |      0 |   1 |  457.0 |
               +--------+--------+--------+--------+--------+-----+--------+

Top non-repeatable levels by time:
       D: 457 daAuts
